 Dungeon Crawl Stone Soup version 0.21.1-1-g345015f (webtiles) character file.

37 teukkam the Twirler (level 3, -4/28 HPs)
             Began as a Gnoll Wanderer on Feb 6, 2018.
             Slain by a centaur (8 damage)
             ... on level 2 of the Dungeon.
             The game lasted 00:03:18 (786 turns).

teukkam the Twirler (Gnoll Wanderer)                 Turns: 786, Time: 00:03:19

Health: -4/28      AC:  3    Str: 18    XL:     3   Next: 41%
Magic:  7/7        EV: 12    Int: 15    God:
Gold:   106        SH:  0    Dex: 10    Spells: 6/7 levels left

rFire    . . .     SeeInvis .   a - +2 whip (flame)
rCold    . . .     Gourm    .   (no shield)
rNeg     . . .     Faith    .   h - +0 leather armour
rPois    .         Spirit   .   (no helmet)
rElec    .         Reflect  .   (no cloak)
rCorr    .         Harm     .   (no gloves)
MR       .....                  (no boots)
Stlth    +.........             (no amulet)
HPRegen  0.09/turn              (no ring)
MPRegen  0.10/turn              (no ring)

@: no status effects
A: distributed training, fangs 1, strong nose
a: no special abilities


You were on level 2 of the Dungeon.
You were not hungry.

You visited 1 branch of the dungeon, and saw 2 of its levels.

You collected 106 gold pieces.

Inventory:

Hand Weapons
 a - a +2 whip of flaming (weapon)
 j - a +2 quarterstaff
Missiles
 i - 35 sling bullets
Armour
 h - a +0 leather armour (worn)
Scrolls
 d - a scroll of fog {unknown}
 g - 3 scrolls of remove curse {unknown}
Potions
 e - a potion of degeneration {unknown}
 k - a potion of lignification {unknown}
 l - a potion of flight {unknown}
Books
 b - the Collected Works on Creation

   Spells                             Type                      Level
   a - Summon Butterflies             Summoning                    1
   b - Recall                         Summoning/Translocation      3
 c - the Guide on the Rocks

   Spells                             Type                      Level
   a - Sandblast                      Earth                        1
   b - Stone Arrow                    Conjuration/Earth            3
Comestibles
 f - 2 rations
 m - a chunk of flesh


   Skills:
 + Level 2.6 Fighting
 + Level 0.7 Short Blades
 + Level 0.7 Long Blades
 + Level 0.7 Axes
 + Level 0.7 Maces & Flails
 + Level 0.7 Polearms
 + Level 6.5 Staves
 + Level 0.7 Slings
 + Level 0.7 Bows
 + Level 0.7 Crossbows
 + Level 0.7 Throwing
 + Level 0.7 Armour
 + Level 2.6 Dodging
 + Level 0.7 Stealth
 + Level 2.6 Shields
 + Level 0.7 Unarmed Combat
 + Level 2.8 Spellcasting
 + Level 0.5 Conjurations
 + Level 2.1 Hexes
 + Level 0.5 Charms
 + Level 0.5 Summonings
 + Level 0.5 Necromancy
 + Level 0.5 Translocations
 + Level 0.5 Transmutations
 + Level 0.5 Fire Magic
 + Level 0.5 Ice Magic
 + Level 0.5 Air Magic
 + Level 2.1 Earth Magic
 + Level 0.5 Poison Magic
 + Level 0.9 Invocations
 + Level 2.6 Evocations


You had 6 spell levels left.
You knew the following spells:

 Your Spells              Type           Power        Failure   Level  Hunger
a - Sandblast             Erth           #.....       10%         1    #......


Dungeon Overview and Level Annotations

Branches:
Dungeon (2/15)

Altars:


Innate Abilities, Weirdness & Mutations

Your experience applies equally to all skills.
You have very sharp teeth.
Your uncanny sense of smell can sniff out nearby items.


Message History

You now have 106 gold pieces (gained 11).
k - a purple potion A centaur comes into view.
The centaur shouts!
The centaur wields a shortbow.
The centaur shoots an arrow.
The arrow misses you.
You see here an arrow.
The centaur shoots an arrow.
The arrow hits you!
You see here an arrow.
You start resting.
The centaur shoots an arrow.
The arrow hits you.
You see here 2 arrows.
The centaur unwields an uncursed shortbow.
The centaur closely misses you.
You closely miss the centaur. The centaur completely misses you.
The centaur closely misses you.
You closely miss the centaur. The centaur hits you.
* * * LOW HITPOINT WARNING * * *
The centaur hits you!
You die...

#..#
#.............#
#.##
#.......###.###
#.
#.......###.####
#.##.#.#.......#
#.#..#.#.##.##.#
#.#.##.#.#
#.#####......#.#
#....((.###..#.#
######@.# #..#..
∆ #.c# #.....
#.... .####
#.##.# # #.# ...
#.# ... #.w ...#
∆ ### .##


You could see a centaur and a dart slug (wandering).

Vanquished Creatures
  An adder (D:2)
  An ooze (D:1)
  A bat (D:2)
  2 giant cockroaches
  3 goblins (D:1)
  5 hobgoblins (D:1)
  3 kobolds (D:1)
  2 frilled lizards (D:1)
  3 rats
21 creatures vanquished.

Notes
Turn   | Place    | Note
-------+----------+-------------------------------------------
     0 | D:1      | teukkam the Gnoll Wanderer began the quest for the Orb.
     0 | D:1      | teukkam set off with: a +2 quarterstaff, the Collected Works on Creation, the Guide on the Rocks, a +0 robe, a ration
     0 | D:1      | Reached XP level 1. HP: 17/17 MP: 4/4
     0 | D:1      | Identified the Collected Works on Creation
     0 | D:1      | Identified the Guide on the Rocks
     2 | D:1      | Learned a level 1 spell: Sandblast
    99 | D:1      | Reached XP level 2. HP: 23/23 MP: 5/5
   386 | D:1      | Reached XP level 3. HP: 23/28 MP: 7/7
   778 | D:2      | Noticed a centaur
   786 | D:2      | Slain by a centaur

Skill      XL: |  1 |
---------------+----+-----
Hexes          | 2 |  2.1
Earth Magic    | 2 |  2.1
Fighting       | |  2.6
Short Blades   | |  0.7
Long Blades    | |  0.7
Axes           | |  0.7
Maces & Flails | |  0.7
Polearms       | |  0.7
Staves         | |  6.5
Slings         | |  0.7
Bows           | |  0.7
Crossbows      | |  0.7
Throwing       | |  0.7
Armour         | |  0.7
Dodging        | |  2.6
Stealth        | |  0.7
Shields        | |  2.6
Unarmed Combat | |  0.7
Spellcasting   | |  2.8
Conjurations   | |  0.5
Charms         | |  0.5
Summonings     | |  0.5
Necromancy     | |  0.5
Translocations | |  0.5
Transmutations | |  0.5
Fire Magic     | |  0.5
Ice Magic      | |  0.5
Air Magic      | |  0.5
Poison Magic   | |  0.5
Invocations    | |  0.9
Evocations     | |  2.6

Action                   || total
-------------------------++-------
Melee: Quarterstaff      ||     8
       Whip              ||    39
       Bite              ||     3
 Cast: Sandblast         ||     2
Armor: Leather armour    ||     5
Dodge: Dodged            ||    28
